 Dungeon Crawl Stone Soup version 0.31-a0-174-g85c54bcb58 (webtiles) character file.

Game seed: 10989846559848135897

9241 MacCMillion the Frost Mage (level 11, -3/79 (83) HPs)
             Began as a Gnoll Ice Elementalist on June 15, 2023.
             Was an Elder of Cheibriados.
             Slain by a wight
             ... wielding a +3 scimitar
              (10 damage)
             ... on level 10 of the Dungeon.
             The game lasted 00:27:36 (13881 turns).

MacCMillion the Frost Mage (GnIE)                  Turns: 13881, Time: 00:27:37

HP:   -3/79 (83)    AC:  9    Str: 17    XL:     11   Next: 43%
MP:   20/23         EV: 17    Int: 29    God:    Cheibriados [****..]
Gold: 540           SH:  0    Dex: 23    Spells: 15/26 levels left

rFire   . . .        w - +1 flail (holy)
rCold   . . .        (no shield)
rNeg    . . .        G - +0 ring mail
rPois   .            j - +0 helmet
rElec   .            (no cloak)
rCorr   .            t - +0 pair of gloves
SInv    +            (no boots)
Will    .....        (no amulet)
Stlth   ++++         i - ring of see invisible
HPRegen 0.33/turn    (no ring)
MPRegen 0.18/turn

%: no passive effects
@: lightly drained, very slow
A: fangs 1, strong nose, distributed training
a: Renounce Religion, Bend Time, Temporal Distortion, Slouch


You were on level 10 of the Dungeon.
You worshipped Cheibriados.
Cheibriados was greatly pleased with you.
You visited 2 branches of the dungeon, and saw 11 of its levels.
You also visited: Sewer and Bailey.

You collected 572 gold pieces.
You spent 32 gold pieces at shops.

Inventory:

Hand Weapons
 e - a +0 sling
 w - a +1 flail of holy wrath (weapon)
 y - the +5 dagger of the Protecting Gods {pain, rElec rF- Int+3 SInv}
   (You found it on level 2 of the Dungeon)

   Int:       It affects your intelligence (+3).
   rF:        It makes you vulnerable to fire.
   rElec:     It insulates you from electricity.
   SInv:      It lets you see invisible.
Missiles
 m - 3 throwing nets
Armour
 a - a +0 robe
 j - a +0 helmet (worn)
 n - a scarf of shadows
 t - a +0 pair of gloves (worn)
 G - a +0 ring mail (worn)
 V - a scarf of resistance
Jewellery
 i - a ring of see invisible (left hand)
 u - a ring of protection from fire
 H - a ring of resist corrosion
 S - an amulet of guardian spirit
 U - a +5 ring of evasion
Wands
 f - a wand of mindburst (5)
 D - a wand of iceblast (14)
 E - a wand of flame (20)
 R - a wand of quicksilver (5)
 W - a wand of digging (8)
Scrolls
 c - 2 scrolls of noise
 d - 9 scrolls of teleportation
 h - 3 scrolls of vulnerability {unknown}
 o - a scroll of poison
 q - a scroll of blinking
 r - 2 scrolls of amnesia {unknown}
 s - a scroll of torment
 F - 3 scrolls of immolation {unknown}
 I - 2 scrolls of fog
 J - a scroll of brand weapon {unknown}
 K - a scroll of enchant weapon {unknown}
 M - 2 scrolls of enchant armour {unknown}
 N - a scroll of summoning {unknown}
 Q - 3 scrolls of identify
 T - a scroll of fear {unknown}
Potions
 b - 3 potions of magic
 g - a potion of ambrosia {unknown}
 k - 3 potions of curing
 l - 2 potions of enlightenment {unknown}
 p - 4 potions of lignification
 v - a potion of berserk rage {unknown}
 x - 5 potions of heal wounds
 z - 6 potions of haste
 A - 3 potions of cancellation {unknown}
 B - a potion of mutation {unknown}
 C - 3 potions of degeneration {unknown}
 L - 2 potions of brilliance {unknown}
 O - a potion of experience
 P - 2 potions of might


   Skills:
 + Level 6.5 Fighting
 + Level 6.5 Short Blades
 + Level 6.5 Long Blades
 + Level 6.5 Axes
 + Level 6.5 Maces & Flails
 + Level 6.5 Polearms
 + Level 6.5 Staves
 + Level 6.5 Ranged Weapons
 + Level 6.5 Throwing
 + Level 6.5 Armour
 + Level 8.0 Dodging
 + Level 7.8 Stealth
 + Level 6.5 Shields
 + Level 6.5 Unarmed Combat
 + Level 8.3 Spellcasting
 + Level 5.4 Conjurations
 + Level 5.4 Hexes
 + Level 5.4 Summonings
 + Level 5.4 Necromancy
 + Level 5.4 Translocations
 + Level 5.4 Transmutations
 + Level 5.4 Fire Magic
 + Level 9.0 Ice Magic
 + Level 5.4 Air Magic
 + Level 5.4 Earth Magic
 + Level 5.4 Poison Magic
 + Level 7.1 Invocations
 + Level 6.5 Evocations


You had 15 spell levels left.
You knew the following spells:

 Your Spells              Type           Power      Damage    Failure   Level
a - Freeze                Ice            100%       1d10      1%          1
b - Frozen Ramparts       Ice            100%       1d16      1%          3
c - Ozocubu's Armour      Ice            59%        N/A       1%          3
d - Summon Ice Beast      Ice/Summ       52%        N/A       3%          4

Your spell library contained the following spells:

 Spells                   Type           Power      Damage    Failure   Level
 Magic Dart               Conj           100%       1d8       1%          1
 Necrotise                Necr           100%       1d9       1%          1
 Call Imp                 Summ           86%        N/A       1%          2
 Lesser Beckoning         Tloc           86%        N/A       1%          2
 Gell's Gravitas          Tloc           43%        N/A       2%          3
 Mephitic Cloud           Conj/Pois/Air  43%        N/A       2%          3
 Teleport Other           Tloc           43%        N/A       2%          3
 Vampiric Draining        Necr           43%        2d9       2%          3
 Animate Dead             Necr           43%        N/A       8%          4
 Agony                    Necr           43%        N/A       22%         5
 Haunt                    Necr/Summ      21%        N/A       100%        7
 Infestation              Necr           21%        N/A       100%        8


Dungeon Overview and Level Annotations

Branches:
Dungeon (10/15)            Temple (1/1) D:7             Orc (0/2) D:9
  Sewer (visited)          Bailey (visited)
   Lair: D:8-11

Altars:
Ashenzari
Cheibriados
Dithmenos
Elyvilon
Fedhas
Gozag
Hepliaklqana
Kikubaaqudgha
Makhleb
Nemelex Xobeh
Okawaru
Qazlal
Ru
Sif Muna
Trog
Uskayaw
Vehumet
Wu Jian
Xom
Yredelemnul
Zin
The Shining One

Shops:
D:8 *

Annotations:
D:8 2 exclusions


Innate Abilities, Weirdness & Mutations

You have very sharp teeth.
Your uncanny sense of smell can sniff out nearby items.
Your experience applies equally to all skills.


Message History

* * * LOW HITPOINT WARNING * * *
You feel drained.
* * * LOW HITPOINT WARNING * * *
The orc priest misses you.
The wall freezes the wraith but does no damage.
The wraith hits you but does no damage.
You hit the wraith but do no damage. You bite the wraith, but do no damage.
The wraith is moderately damaged.
The wight resists.
The wall freezes the wight.
The wight closely misses you. The orc priest closely misses you.
The wraith resists.
The wall freezes the wraith.
The wraith completely misses you.
You hit the wraith but do no damage.
The wraith is heavily damaged.
The wight completely resists.
The wall freezes the wight but does no damage.
The wight hits you with a +3 scimitar!
* * * LOW HITPOINT WARNING * * *
The orc priest completely misses you.
The wraith resists.
The wall freezes the wraith.
The wraith hits you!
* * * LOW HITPOINT WARNING * * *
The wraith drains your vigour!
You feel yourself slow down.
You hit the wraith but do no damage. Your bite misses the wraith.
The wraith is heavily damaged.
The frozen ramparts melt away.
The wight hits you but does no damage. The orc priest completely misses you.
The wraith hits you but does no damage.
Unknown command.
Blink to where?
Press: ? - help, Dir - move target Your icy armour will break if you move.
Continue?
Your icy armour cracks and falls away as you move.
As you read the scroll of blinking, it crumbles to dust.
The orc priest looks encouraged for a moment.
The orc priest looks braver for a moment.
The wraith closely misses you. The wraith misses you.
The orc priest looks braver for a moment.
The wraith attacks as you move away! The wraith misses you.
You feel yourself speed up. The wight barely misses you.
The wraith closely misses you. The wight hits you with a +3 scimitar!
You die...

.# .. ######.#.# ... #.
.....#.#.# ∆ .... #.
#......#.# ##...#..###.
#.#.##...#
#....#...##.##.#.##...#####
#...........##.#.##........
........?..#..oz@.<....##
...............W........##
.........................#
#.$............8.........#
...).....................#
#####.###................#
##..#)).................
#..#.#)#.............####
##..#..##.....#.....##


You could see a wraith, a wight and an orc priest.

Vanquished Creatures
  Harold (D:9)
  3 centaur zombies (D:10)
  Psyche (D:8)
  A troll (D:8)
  Grinder (Sewer)
  2 shadows
  2 meliai zombies (D:10)
  2 wraiths
  6 yaks (D:9)
  A vampire (D:9)
  2 wyverns (D:9)
  Grum (D:8)
  A warg (D:9)
  3 water moccasins
  2 ice beasts
  8 orc warriors
  2 sky beasts
  3 black bears
  An ogre (D:4)
  2 wolves (D:8)
  4 centaurs
  A phantom (D:5)
  4 kobold brigands
  2 bullfrogs
  A scorpion (D:5)
  11 killer bees
  3 howler monkeys
  2 quasits (Sewer)
  2 jellies
  4 hounds
  7 orc priests
  2 sleepcaps
  2 iguanas
  Natasha (thrice) (D:2)
  11 orc wizards
  A howler monkey zombie (D:10)
  18 gnolls
  9 adders
  4 shadow imps
  A white imp (D:8)
  An ufetubus (D:5)
  An adder zombie (D:2)
  An adder skeleton (D:2)
  A dart slug (D:1)
  44 orcs
  2 bats
  A bat skeleton (D:2)
  5 endoplasms
  8 giant cockroaches
  9 hobgoblins
  6 jackals
  9 quokkas
  9 ball pythons
  A ball python skeleton (D:2)
  A frilled lizard (D:3)
  15 goblins
  41 kobolds
  2 kobold zombies (Sewer)
  2 quokka skeletons (D:2)
  7 rats
303 creatures vanquished.

Vanquished Creatures (others)
  An endoplasm (Sewer)
  A kobold zombie (Sewer)
2 creatures vanquished.

Grand Total: 305 creatures vanquished

Notes
Turn   | Place    | Note
-------+----------+-------------------------------------------
     0 | D:1      | MacCMillion the Gnoll Ice Elementalist began the quest for
                  | the Orb.
     0 | D:1      | Reached XP level 1. HP: 13/13 MP: 6/6
   225 | D:1      | Reached XP level 2. HP: 19/19 MP: 3/7
  1479 | D:2      | Reached skill level 5 in Spellcasting
  1479 | D:2      | Reached XP level 3. HP: 22/25 MP: 5/9
  1548 | D:2      | Noticed Natasha
  1631 | D:2      | Reached skill level 1 in Invocations
  1677 | D:2      | Learned a level 3 spell: Ozocubu's Armour
  1723 | D:2      | Learned a level 3 spell: Frozen Ramparts
  1829 | D:2      | Reached skill level 1 in Fighting
  1829 | D:2      | Reached skill level 1 in Short Blades
  1829 | D:2      | Reached skill level 1 in Long Blades
  1829 | D:2      | Reached skill level 1 in Axes
  1829 | D:2      | Reached skill level 1 in Maces & Flails
  1829 | D:2      | Reached skill level 1 in Polearms
  1829 | D:2      | Reached skill level 1 in Staves
  1829 | D:2      | Reached skill level 1 in Ranged Weapons
  1829 | D:2      | Reached skill level 1 in Throwing
  1829 | D:2      | Reached skill level 1 in Armour
  1829 | D:2      | Reached skill level 1 in Shields
  1829 | D:2      | Reached skill level 1 in Unarmed Combat
  1829 | D:2      | Reached skill level 1 in Evocations
  2019 | D:2      | Reached XP level 4. HP: 32/32 MP: 7/11
  2470 | D:2      | Killed Natasha
  2471 | D:2      | Reached skill level 1 in Conjurations
  2471 | D:2      | Reached skill level 1 in Hexes
  2471 | D:2      | Reached skill level 1 in Summonings
  2471 | D:2      | Reached skill level 1 in Necromancy
  2471 | D:2      | Reached skill level 1 in Translocations
  2471 | D:2      | Reached skill level 1 in Transmutations
  2471 | D:2      | Reached skill level 1 in Fire Magic
  2471 | D:2      | Reached skill level 1 in Air Magic
  2471 | D:2      | Reached skill level 1 in Earth Magic
  2471 | D:2      | Reached skill level 1 in Poison Magic
  2758 | D:2      | Reached XP level 5. HP: 37/37 MP: 8/12
  2868 | D:2      | Identified the +5 dagger of the Protecting Gods {pain,
                  | rElec rF- Int+3 SInv}
  3822 | D:3      | Reached XP level 6. HP: 44/44 MP: 6/13
  4459 | D:4      | Reached skill level 5 in Dodging
  4487 | D:4      | Noticed a black bear
  4505 | D:4      | Killed a black bear
  4715 | D:4      | Found a glowing drain.
  4770 | Sewer    | Entered a sewer
  4892 | Sewer    | Reached XP level 7. HP: 47/50 MP: 15/15
  4936 | Sewer    | Found a burning altar of Makhleb.
  5112 | Sewer    | Noticed Grinder
  5134 | Sewer    | Killed Grinder
  5135 | Sewer    | Reached skill level 5 in Stealth
  5727 | D:2      | Noticed Natasha
  5736 | D:2      | Killed Natasha
  5737 | D:2      | Reached XP level 8. HP: 58/58 MP: 9/16
  6064 | D:2      | Noticed Natasha
  6072 | D:2      | Killed Natasha
  6957 | D:5      | Entered Level 5 of the Dungeon
  7707 | D:5      | Reached XP level 9. HP: 50/65 MP: 12/18
  8213 | D:6      | Found a broken altar of Ashenzari.
  8221 | D:6      | Reached skill level 8 in Ice Magic
  9026 | D:7      | Learned a level 4 spell: Summon Ice Beast
  9152 | D:7      | Found a staircase to the Ecumenical Temple.
  9164 | Temple   | Entered the Ecumenical Temple
  9326 | Temple   | Became a worshipper of Cheibriados the Contemplative
  9406 | D:7      | Reached skill level 5 in Invocations
 10233 | D:8      | Noticed a troll
 10235 | D:8      | Killed a troll
 10245 | D:8      | Identified the +10 plate armour "Imaott" {rElec rF+}
 10389 | D:8      | Reached * piety under Cheibriados
 10535 | D:8      | Noticed Grum
 10544 | D:8      | Reached skill level 5 in Fighting
 10544 | D:8      | Reached skill level 5 in Short Blades
 10544 | D:8      | Reached skill level 5 in Long Blades
 10544 | D:8      | Reached skill level 5 in Axes
 10544 | D:8      | Reached skill level 5 in Maces & Flails
 10544 | D:8      | Reached skill level 5 in Polearms
 10544 | D:8      | Reached skill level 5 in Staves
 10544 | D:8      | Reached skill level 5 in Ranged Weapons
 10544 | D:8      | Reached skill level 5 in Throwing
 10544 | D:8      | Reached skill level 5 in Armour
 10544 | D:8      | Reached skill level 5 in Shields
 10544 | D:8      | Reached skill level 5 in Unarmed Combat
 10544 | D:8      | Reached skill level 5 in Evocations
 10544 | D:8      | Reached XP level 10. HP: 61/74 MP: 10/20
 10545 | D:8      | Killed Grum
 10685 | D:8      | Noticed a lindwurm
 10751 | D:8      | Found Gisaid's General Store.
 10757 | D:8      | Bought a scroll of identify for 32 gold pieces
 10844 | D:8      | Noticed a lindwurm
 10890 | D:8      | Noticed Psyche
 10895 | D:8      | Killed Psyche
 11142 | D:8      | Noticed a lindwurm
 11279 | D:9      | Reached ** piety under Cheibriados
 11336 | D:9      | Found a shadowy altar of Dithmenos.
 11336 | D:9      | Found a bloodstained altar of Trog.
 11337 | D:9      | Found an opulent altar of Gozag.
 11529 | D:9      | Found a flagged portal.
 11548 | Bailey   | Entered a bailey
 11618 | Bailey   | Noticed an orc warlord
 11692 | Bailey   | Reached *** piety under Cheibriados
 11844 | Bailey   | Found a runed translucent gate.
 11847 | Bailey   | Found a runed translucent gate.
 11848 | Bailey   | Found a runed translucent gate.
 12515 | D:9      | Found a staircase to the Orcish Mines.
 12575 | D:9      | Reached **** piety under Cheibriados
 12576 | D:9      | Reached skill level 5 in Conjurations
 12576 | D:9      | Reached skill level 5 in Hexes
 12576 | D:9      | Reached skill level 5 in Summonings
 12576 | D:9      | Reached skill level 5 in Necromancy
 12576 | D:9      | Reached skill level 5 in Translocations
 12576 | D:9      | Reached skill level 5 in Transmutations
 12576 | D:9      | Reached skill level 5 in Fire Magic
 12576 | D:9      | Reached skill level 5 in Air Magic
 12576 | D:9      | Reached skill level 5 in Earth Magic
 12576 | D:9      | Reached skill level 5 in Poison Magic
 12576 | D:9      | Reached XP level 11. HP: 69/81 MP: 15/22
 12621 | D:9      | Noticed Harold
 12631 | D:9      | Killed Harold
 12995 | D:10     | Entered Level 10 of the Dungeon
 13544 | D:10     | Reached skill level 9 in Ice Magic
 13844 | D:10     | Noticed a skeletal warrior
 13844 | D:10     | Found the +5 scythe "Finisher" {speed, execute}
 13874 | D:10     | HP: 2/79 [wraith (9)]
 13881 | D:10     | Slain by a wight

Illustrated notes

Levels and vault maps discovered:
D:1:      matt_arrival_los_fun, layout_loops_cross, serial_forest,
          infiniplex_forest_straight_2, infiniplex_forest_clump_large,
          infiniplex_forest_straight_2, infiniplex_forest_end_1,
          infiniplex_forest_lined_corner, infiniplex_forest_clump_cross,
          infiniplex_forest_straight_4, infiniplex_forest_straight_3,
          infiniplex_forest_end_3, amcnicky_mini_rare_corridor_liquid,
          chequers_big_river
D:2:      layout_basic, dilly_guarded_unrand_morg
D:3:      kb_forest_paths, layout_basic, minmay_goblin_outpost
D:4:      wander_river, layout_rooms, gup_sewer_entry_pipe,
          minmay_misc_feat_five
D:5:      layout_basic, minivault_4, minivault_23,
          chequers_serial_rivers_micro_c
D:6:      layout_cave_pools, cheibrodos_ashenzari_chains
D:7:      layout_basic, minmay_temple_entry_wispy
D:8:      layout_loops_ring, serial_shops, shop, minmay_lindwurm_lava,
          uniq_grum, uniq_psyche
D:9:      layout_long_grid, chequers_temple_overflow_statue_of_worship,
          david_orc_1_choice, enter_bailey_3, uniq_harold
D:10:     layout_rooms, serial_shops, nicolae_shop_stone, nicolae_stop_n_shop_2,
          shop, kennysheep_mini_moat, nicolae_stop_n_shop_2, serial_undead,
          serial_undead_a, serial_undead_d, serial_undead_a, serial_undead_b,
          minmay_guarded_unrand_finisher, uniq_nergalle
Temple:   hc_temple_tempest_star

Skill      XL: |  1  2  3  4  5  6  7  8  9 10 11 |
---------------+----------------------------------+-----
Spellcasting   | 5 6 7 8 |  8.3
Invocations    | 1 2 3 4 5 6 7 |  7.1
Fighting       | 1 2 3 4 5 6 |  6.5
Short Blades   | 1 2 3 4 5 6 |  6.5
Long Blades    | 1 2 3 4 5 6 |  6.5
Axes           | 1 2 3 4 5 6 |  6.5
Maces & Flails | 1 2 3 4 5 6 |  6.5
Polearms       | 1 2 3 4 5 6 |  6.5
Staves         | 1 2 3 4 5 6 |  6.5
Ranged Weapons | 1 2 3 4 5 6 |  6.5
Throwing       | 1 2 3 4 5 6 |  6.5
Armour         | 1 2 3 4 5 6 |  6.5
Shields        | 1 2 3 4 5 6 |  6.5
Unarmed Combat | 1 2 3 4 5 6 |  6.5
Evocations     | 1 2 3 4 5 6 |  6.5
Conjurations   | 1 2 3 4 5 |  5.4
Hexes          | 1 2 3 4 5 |  5.4
Summonings     | 1 2 3 4 5 |  5.4
Necromancy     | 1 2 3 4 5 |  5.4
Translocations | 1 2 3 4 5 |  5.4
Transmutations | 1 2 3 4 5 |  5.4
Fire Magic     | 1 2 3 4 5 |  5.4
Air Magic      | 1 2 3 4 5 |  5.4
Earth Magic    | 1 2 3 4 5 |  5.4
Poison Magic   | 1 2 3 4 5 |  5.4
Dodging        | 5 6 7 8 |  8.0
Stealth        | 5 6 7 |  7.8
Ice Magic      | 8 9 |  9.0

Action                     |  1- 3 |  4- 6 |  7- 9 | 10-12 || total
---------------------------+-------+-------+-------+-------++-------
  Melee: Dagger            |       |    35 |   142 |   124 ||   301
         Flail             |       |     6 |    46 |    92 ||   144
         Bite              |       |     3 |    23 |    27 ||    53
         Punch             |       |       |     6 |    13 ||    19
         Unarmed           |       |       |       |     3 ||     3
   Fire: Sling             |    87 |   133 |    18 |       ||   238
   Cast: Freeze            |    17 |     5 |     1 |       ||    23
         Frozen Ramparts   |     3 |    27 |    43 |    34 ||   107
         Ozocubu's Armour  |     1 |     7 |    32 |    25 ||    65
    Use: Scroll            |       |       |     8 |     6 ||    14
         Potion            |       |       |       |     2 ||     2
   Stab: Sleeping          |       |     4 |     3 |     1 ||     8
         Distracted        |       |       |       |     1 ||     1
 Armour: Robe              |     6 |    32 |    92 |    18 ||   148
         Ring mail         |       |       |       |   137 ||   137
  Dodge: Dodged            |    26 |    69 |   170 |   332 ||   597

Table legend: (Time is in decaauts)
 A = Elapsed time spent in this place.
 B = Non-inter-level travel time spent in this place.
 C = Inter-level travel time spent in this place.
 D = Time resting spent in this place.
 E = Time spent auto-exploring this place.
 F = Levels seen in this place.
 G = Mean time per level.
                   A        B        C        D        E       F      G
               +--------+--------+--------+--------+--------+-----+--------+
         Total |  14998 |  14325 |    673 |   2984 |   8165 |  13 | 1153.7 |
       Dungeon |  13338 |  12710 |    628 |   2401 |   7948 |  10 | 1333.8 |
        Temple |    208 |    163 |     45 |      0 |    144 |   1 |  208.0 |
         Sewer |    805 |    805 |      0 |    391 |     72 |   1 |  805.0 |
        Bailey |    645 |    645 |      0 |    192 |      0 |   1 |  645.0 |
               +--------+--------+--------+--------+--------+-----+--------+

Top non-repeatable levels by time:
     D:2: 2482 daAuts
     D:9: 2363 daAuts
     D:3: 1529 daAuts
     D:1: 1455 daAuts
     D:7: 1228 daAuts
     D:5: 1224 daAuts
     D:8: 1163 daAuts
     D:4: 824 daAuts
   Sewer: 805 daAuts
     D:6: 795 daAuts
  Bailey: 645 daAuts
    D:10: 272 daAuts
  Temple: 208 daAuts
